 Dungeon Crawl Stone Soup version 0.19-a0-1834-g6b7851e (webtiles) character file.

452 dobroeutro the Chopper (level 6, -3/57 HPs)
             Began as a Deep Dwarf Fighter on Oct 8, 2016.
             Was an Initiate of Makhleb.
             Slain by a phantom (7 damage)
             ... on level 5 of the Dungeon.
             The game lasted 00:10:33 (3299 turns).

dobroeutro the Chopper (Deep Dwarf Fighter)         Turns: 3299, Time: 00:10:34

Health: -3/57      AC: 13    Str: 22    XL:     6   Next: 75%
Magic:  6/6        EV:  7    Int:  8    God:    Makhleb [......]
Gold:   130        SH:  9    Dex: 12    Spells: 0 memorised, 5 levels left

rFire  . . .     SeeInvis +     a - +0 war axe
rCold  . . .     Gourm    .     b - +0 scale mail
rNeg   . . .     Faith    .     c - +0 shield
rPois  .         Spirit   .     n - +0 helmet (curse)
rElec  .         Dismiss  .     x - +0 cloak
rCorr  .         Reflect  .     (no gloves)
MR     .....     Harm     .     z - +2 pair of boots
Stlth  ..........               o - amulet of rage
                                (no ring)
                                s - ring of see invisible

@: exhausted, non-regenerating, slowed, very slow
A: damage resistance, recharge devices, sense surroundings 1, slow regeneration
3
a: Device Recharging, Renounce Religion, Evoke Berserk Rage


You were on level 5 of the Dungeon.
You worshipped Makhleb.
Makhleb was noncommittal.
You were hungry.

You visited 2 branches of the dungeon, and saw 6 of its levels.

You collected 130 gold pieces.

Inventory:

Hand Weapons
 a - a +0 war axe (weapon)
Armour
 b - a +0 scale mail (worn)
 c - a +0 shield (worn)
 n - a cursed +0 helmet (worn)
 x - a +0 cloak (worn)
 z - a +2 pair of boots (worn)
Jewellery
 o - an amulet of rage (around neck)
 s - a ring of see invisible (left hand)
 t - an uncursed ring of magical power
 y - an uncursed ring of fire
Wands
 e - a wand of heal wounds (0/9)
Scrolls
 g - a scroll of enchant armour {unknown}
 h - 6 scrolls of identify {unknown}
 j - a scroll of fear {unknown}
 l - 2 scrolls of noise {unknown}
 m - 3 scrolls of immolation {unknown}
 p - a scroll of enchant weapon {unknown}
 r - a scroll of magic mapping {unknown}
 v - 2 scrolls of teleportation {unknown}
 w - a scroll of random uselessness {unknown}
Potions
 d - 2 potions of might
 u - a potion of curing {unknown}
Books
 q - a book of Conjurations

   Spells                             Type                      Level
   a - Magic Dart                     Conjuration                  1
   b - Searing Ray                    Conjuration                  2
   c - Dazzling Spray                 Conjuration/Hexes            3
   d - Fulminant Prism                Conjuration/Hexes            4
   e - Iskenderun's Mystic Blast      Conjuration                  4
   f - Iskenderun's Battlesphere      Conjuration/Charms           5
Comestibles
 f - 4 bread rations
 i - 3 fruits
 k - a royal jelly


   Skills:
 + Level 4.2 Fighting
 * Level 5.9 Axes
 + Level 4.9 Armour
 - Level 3.2 Shields


You had 5 spell levels left.
You didn't know any spells.

Dungeon Overview and Level Annotations

Branches:
Dungeon (5/15)             Temple (1/1) D:4

Altars:
Cheibriados
Dithmenos
Elyvilon
Fedhas
Hepliaklqana
Kikubaaqudgha
Makhleb
Okawaru
Qazlal
Sif Muna
Trog
Uskayaw
Yredelemnul
The Shining One


Innate Abilities, Weirdness & Mutations

You are resistant to damage.
You can recharge devices by infusing magical energy.
You passively map a small area around you.
You do not regenerate.


Message History

The phantom is heavily damaged.
The phantom barely misses you. You block the phantom's attack.
You closely miss the phantom.
The phantom is heavily damaged.
The phantom blinks!
You block the phantom's attack. x2
You barely miss the phantom.
The phantom is heavily damaged.
The phantom hits you.
* * * LOW HITPOINT WARNING * * *
Your shield and scale mail prevent you from hitting the phantom.
The phantom is heavily damaged.
The phantom hits you.
* * * LOW HITPOINT WARNING * * *
The phantom hits you but does no damage.
You slash the phantom!
The phantom is severely damaged.
The phantom hits you but does no damage.
The phantom hits you!
You die...

, , , , ,
...........#
..........# ,
#.........#
#.........# ,
,,,#.........###
* , , ,
#............ ,
#.........#
+*#..W@.....#
#.........# * ,
######....# , *
#....# #....# ,
, , #....# ,*
#....# , *
#....# , ,
######....# *


You could see a phantom.

Vanquished Creatures
  Grinder (D:3)
  A phantom (D:5)
  Crazy Yiuf (D:3)
  A hound skeleton (D:3)
  Robin (D:2)
  An adder (D:2)
  An ooze (D:3)
  5 worms
  A leopard gecko (D:3)
  2 orcs (D:3)
  11 bats
  6 giant cockroaches
  10 goblins
  12 hobgoblins
  8 jackals
  7 kobolds
  2 ball pythons
  3 frilled lizards
  9 rats
83 creatures vanquished.

Notes
Turn   | Place    | Note
-------+----------+-------------------------------------------
     0 | D:1      | dobroeutro the Deep Dwarf Fighter began the quest for the Orb.
     0 | D:1      | Reached XP level 1. HP: 20/20 MP: 1/1
   119 | D:1      | Reached XP level 2. HP: 25/27 MP: 2/2
   510 | D:1      | Reached skill level 3 in Axes
   831 | D:2      | Noticed Robin
   904 | D:2      | Reached XP level 3. HP: 27/34 MP: 3/3
  1133 | D:2      | Killed Robin
  1387 | D:2      | Found a faded altar of an unknown god.
  1581 | D:2      | Reached XP level 4. HP: 18/42 MP: 4/4
  1838 | D:3      | Reached skill level 4 in Axes
  2052 | D:3      | Found a runed door.
  2102 | D:3      | Noticed a moth of wrath
  2104 | D:3      | Found a bloodstained altar of Trog.
  2298 | D:3      | Noticed Grinder
  2312 | D:3      | Paralysed by Grinder for 3 turns
  2326 | D:3      | Killed Grinder
  2326 | D:3      | Reached skill level 5 in Axes
  2326 | D:3      | Reached XP level 5. HP: 20/50 MP: 5/5
  2326 | D:3      | Reached XP level 6. HP: 22/57 MP: 6/6
  2588 | D:3      | Noticed Crazy Yiuf
  2597 | D:3      | Killed Crazy Yiuf
  2695 | D:4      | Found a staircase to the Ecumenical Temple.
  2707 | Temple   | Entered the Ecumenical Temple
  2797 | Temple   | Became a worshipper of Makhleb the Destroyer
  3173 | D:5      | Entered Level 5 of the Dungeon
  3173 | D:5      | Noticed a sky beast
  3299 | D:5      | Slain by a phantom

Vault maps used:
D:1:      scummos_arrival_forest
D:2:      ecumenical_altar_1, serial_forest, infiniplex_forest_straight_1,
          infiniplex_forest_corner_2, infiniplex_forest_end_1,
          infiniplex_forest_clump_long, infiniplex_forest_lined_corner,
          infiniplex_forest_corner_1, infiniplex_forest_corner_1, uniq_robin
D:3:      tgw_trog, roderic_lattice_a, hangedman_abyss_or_decor_stabs,
          lightli_corner_chamber, uniq_grinder, uniq_crazy_yiuf_cottage
D:4:      first_bread
D:5:      old_standard_altar, nicolae_overflow_crystal_walls
Temple:   nicolae_temple_elliptical

Skill      XL: |  1  2  3  4  5  6 |
---------------+-------------------+-----
Axes           | 3 5 |  5.9
Fighting       | 3 4 |  4.2
Armour         | 4 |  4.9
Shields        | |  3.2

Action                   |  1- 3 |  4- 6 || total
-------------------------+-------+-------++-------
Melee: War axe           |   153 |   126 ||   279
 Abil: Evoke Berserk Rag |       |     3 ||     3
Evoke: Wand              |       |     5 ||     5
  Use: Potion            |       |     1 ||     1
  Eat: Chunk             |     2 |     8 ||    10
Armor: Scale mail        |    87 |    48 ||   135
Dodge: Dodged            |    47 |    38 ||    85
Block: Shield            |    94 |    47 ||   141
